 Dungeon Crawl Stone Soup version 0.19-a0-854-gc78d25d (webtiles) character file.

7 4thArraOfDagon the Digger (level 2, -1/17 HPs)
             Began as a Halfling Earth Elementalist on July 1, 2016.
             Slain by a hound (3 damage)
             ... on level 4 of the Dungeon.
             The game lasted 00:01:54 (320 turns).

4thArraOfDagon the Digger (HaEE)                     Turns: 320, Time: 00:01:55

Health: -1/17      AC:  2    Str:  8    XL:     2   Next: 5%
Magic:  0/4        EV: 15    Int: 14    God:
Gold:   35         SH:  0    Dex: 14    Spells: 1 memorised, 3 levels left

rFire  . . .     SeeInvis .     b - 15 stones
rCold  . . .     Gourm    .     c - +0 robe
rNeg   . . .     Faith    .     (shield restricted)
rPois  .         Spirit   .     (no helmet)
rElec  .         Dismiss  .     (no cloak)
rCorr  .         Reflect  .     (no gloves)
SustAt .         Harm     .     (no boots)
MR     +....                    (no amulet)
Stlth  ++........               (no ring)
                                l - ring of protection from magic

@: somewhat resistant to hostile enchantments, unstealthy
A: mutation resistance 1
a: no special abilities


You were on level 4 of the Dungeon.
You were not hungry.

You visited 1 branch of the dungeon, and saw 4 of its levels.

You collected 35 gold pieces.

Inventory:

Hand Weapons
 h - a +0 whip
 n - a +0 dagger
Missiles
 b - 15 stones (in hand)
Armour
 c - a +0 robe (worn)
Jewellery
 l - a ring of protection from magic (left hand)
Scrolls
 f - a scroll of identify {unknown}
 i - a scroll of fear {unknown}
 j - a scroll of noise {unknown}
 k - a scroll of teleportation {unknown}
 m - a scroll of remove curse {unknown}
Potions
 a - a potion of ambrosia {unknown}
 g - a potion of brilliance {unknown}
 o - a potion of invisibility {unknown}
Books
 e - a book of Geomancy

   Spells                             Type                      Level
   a - Sandblast                      Earth                        1
   b - Passwall                       Transmutation/Earth          2
   c - Stone Arrow                    Conjuration/Earth            3
   d - Petrify                        Transmutation/Earth          4
   e - Lee's Rapid Deconstruction     Earth                        5
Comestibles
 d - 2 bread rations


   Skills:
 - Level 2.2 Dodging
 - Level 2.1 Stealth
 - Level 1.5 Spellcasting
   Level 0.5 Transmutations
 * Level 3.4 Earth Magic


You had 3 spell levels left.
You knew the following spells:

 Your Spells              Type           Power        Failure   Level  Hunger
a - Sandblast             Erth           ##....       10%         1    ##.....


Dungeon Overview and Level Annotations

Branches:
Dungeon (4/15)
 Temple: D:4-7

Altars:
Sif Muna


Innate Abilities, Weirdness & Mutations

You are small and have problems with some larger weapons.
You are somewhat resistant to further mutation.


Message History

The rocky blast hits the hound.
The hound is almost dead.
The hound closely misses you. The hound bites you.
Casting: Sandblast
Confirm with . or Enter, or press ? or * to list all spells.
Aiming: Sandblast
Press: ? - help, Shift-Dir - straight line, f/p - hound
Aim: a hound (almost dead)
The rocky blast misses the hound.
The hound barely misses you.
Casting: Sandblast
Confirm with . or Enter, or press ? or * to list all spells.
Aiming: Sandblast
Press: ? - help, Shift-Dir - straight line, f/p - hound
Aim: a hound (almost dead)
The rocky blast hits the hound.
The hound is almost dead.
The hound bites you.
* * * LOW HITPOINT WARNING * * *
The hound bites you.
You die...

#.?##. ..... ... #
### #.## ##.### #.#
#..##.....# ####.#
##.........
#.#..#######....).%##
###.##....##h......##
#...#####..@..#####.#
#...## ##..#..# #
#.##.## #.###.# #.
##.###.## .# ##
##.#..# .# ##..## #.
##...### . ###.
##.##...### .....
#..........#...#


You could see a hound.

Vanquished Creatures
  2 goblins
  A bat (D:1)
  2 kobolds (D:2)
  2 rats
7 creatures vanquished.

Notes
Turn   | Place    | Note
-------+----------+-------------------------------------------
     0 | D:1      | 4thArraOfDagon the Halfling Earth Elementalist began the quest for the Orb.
     0 | D:1      | Reached XP level 1. HP: 11/11 MP: 3/3
   214 | D:3      | Found a deep blue altar of Sif Muna.
   223 | D:3      | Noticed an orc wizard
   223 | D:3      | Noticed an orc wizard
   243 | D:3      | Reached XP level 2. HP: 17/17 MP: 1/4
   320 | D:4      | Slain by a hound

Vault maps used:
D:1:      dpeg_arrival_round_b
D:2:      marbit_many_paths, minmay_pentomino_x4
D:3:      led_sif_book, grunt_decor_cap
D:4:      lemuel_doored_altar, first_bread, hangedman_decor_peaks_small,
          lemuel_statue_altar

Action                   || total
-------------------------++-------
Melee: Whip              ||     7
       Unarmed           ||     1
 Cast: Sandblast         ||    15
Dodge: Dodged            ||    17
